 Dungeon Crawl Stone Soup version 0.31-a0-259-g771a54ca4b (webtiles) character file.

Game seed: 8392985556792149678

151 qw the Shooter (level 5, 0/30 HPs)
             Began as a Gargoyle Hexslinger on July 13, 2023.
             Killed from afar by an orc wizard (8 damage)
             ... with a puff of flame
             ... on level 4 of the Dungeon.
             The game lasted 00:00:53 (2173 turns).

qw the Shooter (Gargoyle Hexslinger)                Turns: 2173, Time: 00:00:54

Health: 0/30       AC: 11    Str: 12    XL:     5   Next: 33%
Magic:  6/6        EV: 11    Int: 13    God:
Gold:   162        SH:  0    Dex: 16    Spells: 5/6 levels left

rFire   . . .        Y - +1 sling
rCold   . . .        (no shield)
rNeg    + + .        d - +0 leather armour
rPois   inf          (no helmet)
rElec   +            (no cloak)
rCorr   .            (no gloves)
SInv    .            (no boots)
Will    .....        (no amulet)
Stlth   +            c - ring "Xofeth" {rN+ AC+4 Dex+2 Slay+2}
HPRegen 0.25/turn    (no ring)
MPRegen 0.10/turn

%: no passive effects
@: confused
A: sickness immunity, AC +4, negative energy resistance 1, electricity
resistance, torment resistance 1, petrification resistance
a: no special abilities


You were on level 4 of the Dungeon.
You visited 1 branch of the dungeon, and saw 4 of its levels.

You collected 162 gold pieces.


Innate Abilities, Weirdness & Mutations

You are immune to sickness and miasma.
Your stone body is resilient. (AC +4)
You are immune to poison.
You resist negative energy. (rN+)
You are resistant to electric shocks. (rElec)
You are resistant to unholy torment.
You are immune to petrification.


   Skills:
 + Level 2.0 Fighting
 - Level 5.1 Ranged Weapons
 - Level 1.5 Dodging
 - Level 1.0 Spellcasting
 - Level 2.6 Hexes


You had 5 spell levels left.
You knew the following spells:

 Your Spells              Type           Power      Damage    Failure   Level
a - Slow                  Hex            28%        N/A       12%         1

Your spell library contained the following spells:

 Spells                   Type           Power      Damage    Failure   Level
 Inner Flame              Hex/Fire       4%         N/A       52%         3
 Portal Projectile        Hex/Tloc       8%         N/A       52%         3
 Cause Fear               Hex            3%         N/A       75%         4

Inventory:

Hand Weapons
 Y - a +1 sling (weapon)
Armour
 d - a +0 leather armour (worn)
Jewellery
 c - the ring "Xofeth" (left hand) {rN+ AC+4 Dex+2 Slay+2}
   (You acquired it on level 1 of the Dungeon)

   [ring of protection]

   AC:        It affects your AC (+4).
   Dex:       It affects your dexterity (+2).
   Slay:      It affects your accuracy & damage with ranged weapons and melee
   (+2).
   rN:        It protects you from negative energy.
Scrolls
 e - a scroll of identify
Potions
 g - a potion of ambrosia {unknown}
 i - a potion of curing {unknown}

Dungeon Overview and Level Annotations

Branches:
Dungeon (4/15)
 Temple: D:4-7

Altars:


Message History

Something hits you but does no damage.
You shoot a sling bullet. Something hits you but does no damage.
Something hits you.
You shoot a sling bullet. Something hits you but does no damage.
You shoot a sling bullet.
You feel less confused. Something hits you but does no damage.
You shoot a sling bullet. Something hits you.
You shoot a sling bullet. Something hits you but does no damage.
Something hits you.
You shoot a sling bullet.
You hear some strange, mumbled words.
You are confused.
You shoot a sling bullet. Something hits you but does no damage.
You shoot a sling bullet.
You hear some strange, mumbled words.
A magic dart appears from out of thin air!
The magic dart hits you.
You shoot a sling bullet. Something hits you but does no damage.
You shoot a sling bullet.
You hear some strange, mumbled words.
Something tries to affect you, but you resist.
You shoot a sling bullet.
You feel less confused.
You hear some strange, mumbled words.
You are confused.
You hear some strange, mumbled words.
A magic dart appears from out of thin air!
The magic dart hits you but does no damage.
You shoot a sling bullet. Something hits you.
You shoot a sling bullet.
You hear some strange, mumbled words.
A puff of flame appears from out of thin air!
The puff of flame hits you!
You die...

. ..# ###..
.#...#.. .....
.#...#...#(...#
# ..#...#......#
..#...#...#)...#
...#...#......#
. #.b.#.){)....#
... #....@.....#
.....#....######
.......<..#
.....##...# ..##
#...# #####


There were no monsters in sight!

Vanquished Creatures
  An orc priest (D:4)
  5 adders
  2 worms
  A dart slug (D:3)
  2 orcs
  11 bats
  6 endoplasms
  2 giant cockroaches
  4 goblins
  2 hobgoblins (D:1)
  11 jackals (D:2)
  4 quokkas
  6 ball pythons
  2 frilled lizards
  2 kobolds (D:1)
  3 rats
64 creatures vanquished.

Notes
Turn   | Place    | Note
-------+----------+-------------------------------------------
     0 | D:1      | qw the Gargoyle Hexslinger began the quest for the Orb.
     0 | D:1      | Reached XP level 1. HP: 12/12 MP: 2/2
     0 | D:1      | 0 ||| qw: Version: 0.3-a-52-g30416fa
     0 | D:1      | 0 ||| qw: Game counter: 6906
     0 | D:1      | 0 ||| qw: Melee chars always use a shield: true
     0 | D:1      | 0 ||| qw: God list: Okawaru
     0 | D:1      | 0 ||| qw: Allow faded altars: false
     0 | D:1      | 0 ||| qw: Do Orc after clearing Dungeon:15 true
     0 | D:1      | 0 ||| qw: Do second Lair branch before Depths: true
     0 | D:1      | 0 ||| qw: Lair rune preference: random
     0 | D:1      | 0 ||| qw: Goals: Normal
     0 | D:1      | 0 ||| PLANNING D:1-11
   342 | D:1      | Reached XP level 2. HP: 16/16 MP: 3/3
   485 | D:1      | Reached skill level 3 in Ranged Weapons
   555 | D:1      | 555 ||| UPGRADING to +0 leather armour.
   565 | D:1      | 565 ||| DROPPING +0 robe.
   566 | D:1      | 566 ||| DROPPING amulet of magic regeneration.
   567 | D:1      | 567 ||| READING 2 scrolls labelled ULEKHE HO QAFA.
   568 | D:1      | 568 ||| READING 2 scrolls labelled TOYLYU QUKLUX.
   572 | D:1      | 572 ||| READING scroll labelled CYFRUSCHEM FUGI.
   573 | D:1      | 573 ||| READING scroll labelled ZOTTIQ QALAYRA.
   573 | D:1      | Identified a scroll of acquirement
   573 | D:1      | 573 ||| ACQUIRING ring "Xofeth" {rN+ AC+4 Dex+2 Slay+2}
   573 | D:1      | Acquired the ring "Xofeth" {rN+ AC+4 Dex+2 Slay+2}
   575 | D:1      | 575 ||| UPGRADING to ring "Xofeth" {rN+ AC+4 Dex+2 Slay+2}.
   576 | D:1      | 576 ||| DROPPING scroll of fear.
   577 | D:1      | 577 ||| DROPPING scroll of poison.
   665 | D:2      | HP: 4/16 [jackal (2)]
   666 | D:2      | 666 ||| READING scroll of teleportation.
   774 | D:2      | Reached XP level 3. HP: 18/21 MP: 4/4
  1024 | D:2      | Reached XP level 4. HP: 26/26 MP: 5/5
  1431 | D:2      | 1431 ||| READING scroll labelled HULUOR SAOTE.
  1469 | D:3      | Reached skill level 4 in Ranged Weapons
  1624 | D:3      | Found a faded altar of an unknown god.
  1983 | D:3      | Reached XP level 5. HP: 30/30 MP: 6/6
  2116 | D:3      | 2116 ||| READING scroll labelled FOIRGH CEANYMPA.
  2117 | D:3      | 2117 ||| READING 3 scrolls of identify.
  2117 | D:3      | 2117 ||| IDENTIFYING metallic purple potion
  2118 | D:3      | 2118 ||| READING 2 scrolls of identify.
  2118 | D:3      | 2118 ||| IDENTIFYING ruby potion
  2119 | D:3      | 2119 ||| DROPPING potion of brilliance.
  2120 | D:3      | 2120 ||| DROPPING potion of degeneration.
  2158 | D:4      | Reached skill level 5 in Ranged Weapons
  2168 | D:4      | HP: 7/30 [something/magic dart (1)]
  2173 | D:4      | Killed from afar by an orc wizard

Levels and vault maps discovered:
D:1:      wander_arrival_chamber, layout_basic, minmay_ruptured
D:2:      layout_basic
D:3:      layout_loops_ring, ebering_ecumenical_altar_mist
D:4:      layout_basic, minmay_temple_entry_butterflies, hex_medium

Skill      XL: |  1  2  3  4  5 |
---------------+----------------+-----
Ranged Weapons | 3 4 5 |  5.1
Fighting       | 2 |  2.0
Dodging        | |  1.5
Spellcasting   | |  1.0
Hexes          | |  2.6

Action                     |  1- 3 |  4- 6 || total
---------------------------+-------+-------++-------
   Fire: Sling             |   118 |   100 ||   218
    Use: Scroll            |     5 |     4 ||     9
 Armour: Robe              |     4 |       ||     4
         Leather armour    |    67 |    31 ||    98
  Dodge: Dodged            |   108 |    18 ||   126

Table legend:
 A = Non-vault XP
 B = Vault XP
 C = Vault XP percentage of total XP
 D = Non-vault monster count
 E = Vault monster count
 F = Vault count percentage of total count
                 A         B        C        D         E       F
            +---------+---------+-------+---------+---------+-------
      Total |     213 |       3 |   1.4 |      62 |       2 |   3.1
            +---------+---------+-------+---------+---------+-------
        D:1 |      17 |       3 |  15.0 |      11 |       2 |  15.4
        D:2 |      68 |       0 |   0.0 |      31 |       0 |   0.0
        D:3 |      82 |       0 |   0.0 |      17 |       0 |   0.0
        D:4 |      46 |       0 |   0.0 |       3 |       0 |   0.0
            +---------+---------+-------+---------+---------+-------
